AoeStats
← Tunga

Arabia

505901575Analyzed
1v1 RM · 21d ago on Sep 11, 2026· 49m 45s· 2 players
Game mode
Random Map
Map size
Tiny (2 player)
Population
200
Speed
Normal
Resources
Standard
Victory
Conquest
Starting age
Dark Age
Ending age
Imperial Age
RankedLock teamsTeams togetherTeam positionsShared explorationLock speedFull tech treeHidden civsTurbo modeCheats
Victory
Defeat
🇦🇹 Maya · Austria
713
+18
🇹🇷 Hindustanis · Türkiye
760
-18
Tunga
5:38 Loom
11:11 Feudal Age
11:57 Double-Bit Axe
12:40 Horse Collar
13:39 Wheelbarrow
16:51 Bloodlines
18:18 Scale Barding Armor
22:40 Castle Age
24:05 Hand Cart
25:51 Husbandry
27:24 Light Cavalry
35:33 Grand Trunk Road
39:55 Imperial Age
41:39 Elite Skirmisher
41:58 Hussar
45:12 Padded Archer Armor
45:02 Fletching
Golden Age
0:26 Loom
11:49 Feudal Age
12:17 Double-Bit Axe
12:38 Town Watch
18:28 Castle Age
17:34 Horse Collar
19:13 Heavy Plow
20:29 Bow Saw
22:12 Pikeman
24:15 Gold Mining
24:33 Fletching
24:43 Padded Archer Armor
36:00 Imperial Age
33:55 Stone Mining
34:04 Bodkin Arrow
34:24 Leather Archer Armor
37:20 Wheelbarrow
37:29 Crop Rotation
38:06 Sanctity
39:03 Two-Man Saw
40:51 Hand Cart
40:49 Town Patrol
41:41 Halberdier
42:46 Forging
42:36 Scale Mail Armor
47:41 Elite Plumed Archer
Connection lost

Rejoining the realm…

Still unreachable

The connection could not be restored.

Session expired

The server has moved on; the page needs a fresh start.